SAAA
FLORIDA MEN @ HIALEAH DODOS
09/14/2042
 
TOP OF THE 1ST
Florida Men batting - Pitching for Hialeah Dodos : RHP Ed Alexander
Pitching: RHP Ed Alexander
Batting: RHB Matsudaira Sugahara 0-0: Ball
1-0: Swinging Strike
1-1: Ball
2-1: Foul Ball, location: 2F
2-2: Strikes out swinging
Batting: RHB Marcos Janero 0-0: Ball
1-0: Ball
2-0: Fly out, F8 (Flyball, 8LD, EV 101.9 MPH)
Batting: LHB Edward Kisiner 0-0: Called Strike
0-1: Called Strike
0-2: Ball
1-2: Strikes out swinging
Top of the 1st over - 0 runs, 0 hits, 0 errors, 0 left on base; Florida 0 - Hialeah 0
BOTTOM OF THE 1ST
Hialeah Dodos batting - Pitching for Florida Men : RHP Kullervo Hostikka
Pitching: RHP Kullervo Hostikka
Batting: RHB Sergio San Martín 0-0: Called Strike
0-1: Ball
1-1: SINGLE (Line Drive, 8RS, EV 96.2 MPH)
Batting: LHB Richard Edwards 0-0: Called Strike
0-1: Ball
1-1: Swinging Strike
1-2: Ball
2-2: Ball
3-2: Base on Balls
Sergio San Martín to second
Batting: RHB Juan Reyes 0-0: Called Strike
0-1: Grounds into double play, 5-4-3 (Groundball, 56, EV 96.2 MPH)
Sergio San Martín to third
Batting: LHB Keith Pick 0-0: Foul Ball, location: 2F
0-1: Ball
1-1: Ball
2-1: Called Strike
2-2: Strikes out swinging
Bottom of the 1st over - 0 runs, 1 hit, 0 errors, 1 left on base; Florida 0 - Hialeah 0
TOP OF THE 2ND
Florida Men batting - Pitching for Hialeah Dodos : RHP Ed Alexander
Batting: RHB César Guerra 0-0: Ball
1-0: Ball
2-0: Swinging Strike
2-1: Foul Ball, location: 2F
2-2: Fly out, F5 (Popup, 5SF, EV 73.8 MPH)
Batting: RHB Tristan Eikelenboom 0-0: Called Strike
0-1: Fly out, F9 (Line Drive, 9, EV 85.0 MPH)
Batting: LHB Basava Puri 0-0: Called Strike
0-1: Ball
1-1: Ball
2-1: Ball
3-1: Swinging Strike
3-2: Strikes out looking
Top of the 2nd over - 0 runs, 0 hits, 0 errors, 0 left on base; Florida 0 - Hialeah 0
BOTTOM OF THE 2ND
Hialeah Dodos batting - Pitching for Florida Men : RHP Kullervo Hostikka
Batting: LHB Gabriel Montoya 0-0: Ball
1-0: Ball
2-0: Called Strike
2-1: Swinging Strike
2-2: Foul Ball, location: 2F
2-2: Strikes out looking
Batting: LHB Ramón Morterero 0-0: Foul Ball, location: 2F
0-1: Ball
1-1: Ball
2-1: Foul Ball, location: 2F
2-2: SINGLE (Groundball, 34D, EV 103.8 MPH)
Batting: RHB Chrysler Rodriguez 0-0: Ball
Wild Pitch!
Ramón Morterero to second
1-0: Swinging Strike
1-1: Ball
2-1: Foul Ball, location: 2F
2-2: Foul Ball, location: 2F
2-2: Foul Ball, location: 2F
2-2: Strikes out swinging
Batting: LHB Dallas McMurran 0-0: Ball
1-0: Foul Ball, location: 2F
1-1: Ball
2-1: Foul Ball, location: 2F
2-2: Foul Ball, location: 2F
2-2: Foul Ball, location: 2F
2-2: Ball
3-2: Fly out, F9 (Flyball, 9S, EV 88.1 MPH)
Bottom of the 2nd over - 0 runs, 1 hit, 0 errors, 1 left on base; Florida 0 - Hialeah 0
TOP OF THE 3RD
Florida Men batting - Pitching for Hialeah Dodos : RHP Ed Alexander
Batting: RHB Ken Joyner 0-0: SINGLE (Line Drive, 34, EV 104.4 MPH)
Batting: RHB Tristan Powell 0-0: Ball
1-0: Ball
2-0: Foul Ball, location: 2F
2-1: Foul Ball, location: 2F
2-2: Ball
3-2: Foul Ball, location: 2F
3-2: Fielders Choice at 2nd, 4-6 (Groundball, 4, EV 99.4 MPH)
Batting: LHB Peter Metellus 0-0: Ball
Tristan Powell steals 2nd base (no throw)
1-0: Foul Ball, location: 2F
1-1: Ground out 3-1 (Groundball, 34, EV 89.4 MPH)
Tristan Powell to third
Batting: RHB Matsudaira Sugahara 0-0: Called Strike
0-1: Ball
1-1: Called Strike
1-2: Ground out 1-3 (Groundball, 23, EV 88.1 MPH)
Top of the 3rd over - 0 runs, 1 hit, 0 errors, 1 left on base; Florida 0 - Hialeah 0
BOTTOM OF THE 3RD
Hialeah Dodos batting - Pitching for Florida Men : RHP Kullervo Hostikka
Batting: SHB Xavier Mercier 0-0: Ground out 1-3 (Groundball, 13, EV 68.1 MPH)
Batting: RHB Sergio San Martín 0-0: Ball
1-0: Called Strike
1-1: Ball
2-1: SINGLE (Line Drive, 4D, EV 97.5 MPH)
Batting: LHB Richard Edwards 0-0: Ball
Sergio San Martín steals 2nd, throwing error, E2
Sergio San Martín to third
1-0: Foul Ball, location: 2F
1-1: Ball
2-1: Foul Ball, location: 2F
2-2: Foul Ball, location: 2F
2-2: Ball
3-2: Fly out, F7 (Flyball, 7D, EV 108.8 MPH)
Runner from 3rd tags up, SCORES, throw by LF
Batting: RHB Juan Reyes 0-0: Ball
1-0: Foul Ball, location: 2F
1-1: Foul Ball, location: 2F
1-2: Ball
2-2: Strikes out swinging
Bottom of the 3rd over - 1 run, 1 hit, 1 error, 0 left on base; Florida 0 - Hialeah 1
TOP OF THE 4TH
Florida Men batting - Pitching for Hialeah Dodos : RHP Ed Alexander
Batting: RHB Marcos Janero 0-0: Ball
1-0: Called Strike
1-1: Ball
2-1: Foul Ball, location: 2F
2-2: Foul Ball, location: 2F
2-2: Foul Ball, location: 2F
2-2: SINGLE (Line Drive, 7S, EV 89.4 MPH)
Batting: LHB Edward Kisiner 0-0: Called Strike
0-1: Foul Ball, location: 2F
0-2: Foul Ball, location: 2F
0-2: SINGLE (Line Drive, 89M, EV 88.1 MPH)
Marcos Janero to second
Batting: RHB César Guerra 0-0: Ball
1-0: Swinging Strike
1-1: Ball
2-1: Foul Ball, location: 2F
2-2: Strikes out swinging
Batting: RHB Tristan Eikelenboom 0-0: Ball
1-0: Ball
2-0: Ball
3-0: Called Strike
3-1: Called Strike
3-2: Fly out, F9 (Flyball, 9D, EV 96.9 MPH)
Runner from 2nd tags up, SAFE at 3rd, no throw by RF
Batting: LHB Basava Puri 0-0: Called Strike
0-1: Ground out U3 (Groundball, 3L, EV 83.1 MPH)
Top of the 4th over - 0 runs, 2 hits, 0 errors, 2 left on base; Florida 0 - Hialeah 1
BOTTOM OF THE 4TH
Hialeah Dodos batting - Pitching for Florida Men : RHP Kullervo Hostikka
Batting: LHB Keith Pick 0-0: Ball
1-0: SINGLE (Groundball, 4D, EV 96.9 MPH)
Batting: LHB Gabriel Montoya 0-0: Ball
1-0: Foul Ball, location: 2F
1-1: Ball
2-1: Called Strike
2-2: Foul Ball, location: 2F
2-2: Strikes out swinging
Batting: LHB Ramón Morterero 0-0: Ball
1-0: Fielders Choice at 2nd, 3-6 (Groundball, 34, EV 105.6 MPH)
Batting: RHB Chrysler Rodriguez 0-0: Ball
1-0: Ground out 6-3 (Groundball, 6S, EV 89.4 MPH)
Bottom of the 4th over - 0 runs, 1 hit, 0 errors, 1 left on base; Florida 0 - Hialeah 1
TOP OF THE 5TH
Florida Men batting - Pitching for Hialeah Dodos : RHP Ed Alexander
Batting: RHB Ken Joyner 0-0: Fly out, F4 (Line Drive, 4, EV 71.9 MPH)
Batting: RHB Tristan Powell 0-0: Called Strike
0-1: Fly out, F3 (Popup, 3S, EV 67.5 MPH)
Batting: LHB Peter Metellus 0-0: Called Strike
0-1: Ball
1-1: Fly out, F8 (Flyball, 8RD, EV 105.6 MPH)
Top of the 5th over - 0 runs, 0 hits, 0 errors, 0 left on base; Florida 0 - Hialeah 1
BOTTOM OF THE 5TH
Hialeah Dodos batting - Pitching for Florida Men : RHP Kullervo Hostikka
Batting: LHB Dallas McMurran 0-0: Ball
1-0: Ball
2-0: Ball
3-0: Base on Balls
Batting: SHB Xavier Mercier 0-0: Sac Bunt to 13 - play at first, batter OUT! 1-3
Dallas McMurran to second
Batting: RHB Sergio San Martín 0-0: Called Strike
0-1: Fly out, F7 (Flyball, 7, EV 83.1 MPH)
Batting: LHB Richard Edwards 0-0: Ball
1-0: Foul Ball, location: 2F
1-1: Foul Ball, location: 2F
1-2: Ball
2-2: Ground out 6-3 (Groundball, 56D, EV 100.0 MPH)
Bottom of the 5th over - 0 runs, 0 hits, 0 errors, 1 left on base; Florida 0 - Hialeah 1
TOP OF THE 6TH
Florida Men batting - Pitching for Hialeah Dodos : RHP Ed Alexander
Batting: RHB Matsudaira Sugahara 0-0: Ball
1-0: Called Strike
1-1: Ball
2-1: Ground out 6-3 (Groundball, 6, EV 103.1 MPH)
Batting: RHB Marcos Janero 0-0: Fly out, F9 (Line Drive, 9, EV 107.5 MPH)
Batting: LHB Edward Kisiner 0-0: DOUBLE (Groundball, 3L, EV 98.1 MPH)
Batting: RHB César Guerra 0-0: Foul Ball, location: 2F
0-1: Ball
1-1: Ground out 6-3 (Groundball, 6, EV 111.2 MPH)
Top of the 6th over - 0 runs, 1 hit, 0 errors, 1 left on base; Florida 0 - Hialeah 1
BOTTOM OF THE 6TH
Hialeah Dodos batting - Pitching for Florida Men : RHP Kullervo Hostikka
Batting: RHB Juan Reyes 0-0: SINGLE (Line Drive, 9S, EV 90.6 MPH)
Batting: LHB Keith Pick 0-0: Called Strike
0-1: Ball
1-1: Foul Ball, location: 2F
1-2: Ball
2-2: Ball
3-2: Base on Balls
Juan Reyes to second
Pitching: RHP Marty McFly
Batting: LHB Gabriel Montoya 0-0: Called Strike
0-1: Called Strike
0-2: Ball
1-2: Foul Ball, location: 2F
1-2: Strikes out swinging
Batting: LHB Ramón Morterero 0-0: Ball
1-0: Ball
2-0: Ball
3-0: Called Strike
3-1: Foul Ball, location: 2F
3-2: Base on Balls
Juan Reyes to third
Keith Pick to second
Batting: RHB Chrysler Rodriguez 0-0: Swinging Strike
0-1: Ball
1-1: Foul Ball, location: 2F
1-2: DOUBLE (Line Drive, 8LXD, EV 110.0 MPH)
Juan Reyes scores
Keith Pick scores
Ramón Morterero to third
Runner from 3rd tries for Home, SAFE, no throw by CF
Batting: LHB Dallas McMurran 0-0: Intentional Walk
Batting: SHB Xavier Mercier 0-0: Ball
1-0: Called Strike
1-1: Ball
2-1: Swinging Strike
2-2: Ball
3-2: Foul Ball, location: 2F
3-2: Base on Balls
Chrysler Rodriguez to third
Dallas McMurran to second
Batting: RHB Sergio San Martín 0-0: Ball
1-0: Ball
2-0: Called Strike
2-1: Foul Ball, location: 2F
2-2: Strikes out looking
Batting: LHB Richard Edwards 0-0: Ball
1-0: Ball
2-0: Ball
3-0: Base on Balls
Chrysler Rodriguez scores
Dallas McMurran to third
Xavier Mercier to second
Batting: RHB Juan Reyes 0-0: Called Strike
0-1: Foul Ball, location: 2F
0-2: Ball
1-2: Strikes out swinging
Bottom of the 6th over - 4 runs, 2 hits, 0 errors, 3 left on base; Florida 0 - Hialeah 5
TOP OF THE 7TH
Florida Men batting - Pitching for Hialeah Dodos : RHP Ed Alexander
Batting: RHB Tristan Eikelenboom 0-0: Ball
1-0: Ball
2-0: Swinging Strike
2-1: Swinging Strike
2-2: Strikes out swinging
Batting: LHB Basava Puri 0-0: Called Strike
0-1: Ball
1-1: Foul Ball, location: 2F
1-2: Strikes out looking
Batting: RHB Ken Joyner 0-0: SINGLE (Line Drive, 4MD, EV 93.8 MPH)
Batting: RHB Tristan Powell 0-0: Ball
Ken Joyner steals 2nd base
1-0: Called Strike
1-1: Called Strike
1-2: Fly out, F4 (Popup, 3S, EV 75.0 MPH)
Top of the 7th over - 0 runs, 1 hit, 0 errors, 1 left on base; Florida 0 - Hialeah 5
BOTTOM OF THE 7TH
Hialeah Dodos batting - Pitching for Florida Men : RHP Marty McFly
Batting: LHB Keith Pick 0-0: Called Strike
0-1: Ball
1-1: Foul Ball, location: 2F
1-2: Strikes out swinging
Batting: LHB Gabriel Montoya 0-0: Ball
1-0: Ball
2-0: Called Strike
2-1: Ball
3-1: Foul Ball, location: 2F
3-2: Base on Balls
Pitching: RHP Esteban De La Cruz
Batting: LHB Ramón Morterero 0-0: Ball
1-0: Called Strike
1-1: Ball
Gabriel Montoya steals 2nd base (no throw)
2-1: Foul Ball, location: 2F
2-2: Foul Ball, location: 2F
2-2: Ball
3-2: Foul Ball, location: 2F
3-2: SINGLE (Groundball, 4MD, EV 108.8 MPH)
Gabriel Montoya to third
Runner from 3rd tries for Home, SAFE, throw by CF to home
Batting: RHB Chrysler Rodriguez 0-0: Ball
1-0: Swinging Strike
1-1: Called Strike
1-2: SINGLE (Line Drive, 6D, EV 98.8 MPH)
Ramón Morterero to second
Batting: LHB Dallas McMurran 0-0: Ball
1-0: Ball
Wild Pitch!
Ramón Morterero to third
Chrysler Rodriguez to second
2-0: Ball
3-0: Base on Balls
Batting: SHB Xavier Mercier 0-0: Ball
1-0: Reached via error on a dropped throw from 2B, E6 (Groundball, 4, EV 83.1 MPH)
Ramón Morterero scores
Chrysler Rodriguez to third
Dallas McMurran to second
Batting: RHB Sergio San Martín 0-0: Called Strike
0-1: Ball
1-1: Ball
2-1: Swinging Strike
2-2: Foul Ball, location: 2F
2-2: Foul Ball, location: 2F
2-2: Ball
3-2: Grounds into double play, 5-4-3 (Groundball, 56S, EV 86.9 MPH)
Bottom of the 7th over - 2 runs, 2 hits, 1 error, 2 left on base; Florida 0 - Hialeah 7
TOP OF THE 8TH
Florida Men batting - Pitching for Hialeah Dodos : RHP Ed Alexander
Pitching: RHP Wendell Drabek
Batting: LHB Peter Metellus 0-0: Ball
1-0: Ball
2-0: Called Strike
2-1: Ground out U3 (Groundball, 3, EV 88.1 MPH)
Pinch Hitting: LHB Carlos Campos 0-0: Ball
1-0: Ground out U3 (Groundball, 3L, EV 80.6 MPH)
Batting: RHB Marcos Janero 0-0: Ball
1-0: Called Strike
1-1: TRIPLE (Line Drive, 89XD, EV 107.5 MPH)
Batting: LHB Edward Kisiner 0-0: Swinging Strike
0-1: Ball
1-1: Foul Ball, location: 2F
1-2: Foul Ball, location: 2F
1-2: Foul Ball, location: 2F
1-2: Ground out 1-3 (Groundball, 34S, EV 84.4 MPH)
Top of the 8th over - 0 runs, 1 hit, 0 errors, 1 left on base; Florida 0 - Hialeah 7
BOTTOM OF THE 8TH
Hialeah Dodos batting - Pitching for Florida Men : RHP Esteban De La Cruz
Now at 1B: Pellervo Rintanen
Pinch Hitting: RHB Alfonso Cabedo 0-0: Called Strike
0-1: Fly out, F7 (Flyball, 7LMF, EV 89.4 MPH)
Pinch Hitting: RHB Pat Geldart 0-0: Ball
1-0: Ball
2-0: Ball
3-0: Called Strike
3-1: Base on Balls
Batting: LHB Keith Pick 0-0: Called Strike
0-1: Foul Ball, location: 2F
0-2: Ball
1-2: Strikes out looking
Pinch Hitting: LHB Manuel Ruíz 0-0: Ball
1-0: Ball
2-0: Called Strike
2-1: Ball
3-1: Fly out, F6 (Popup, 6S, EV 74.4 MPH)
Bottom of the 8th over - 0 runs, 0 hits, 0 errors, 1 left on base; Florida 0 - Hialeah 7
TOP OF THE 9TH
Florida Men batting - Pitching for Hialeah Dodos : RHP Wendell Drabek
Now at 1B: Pat Geldart
Now in LF: Alfonso Cabedo
Now in RF: Manuel Ruíz
Batting: RHB César Guerra 0-0: Ground out 4-3 (Groundball, 4D, EV 100.0 MPH)
Batting: RHB Tristan Eikelenboom 0-0: Ball
1-0: Ball
2-0: Ball
3-0: Base on Balls
Batting: LHB Basava Puri 0-0: Swinging Strike
0-1: Called Strike
0-2: Foul Ball, location: 2F
0-2: Strikes out looking
Batting: RHB Ken Joyner 0-0: Swinging Strike
0-1: Ball
1-1: Fly out, F8 (Flyball, 8RM, EV 80.0 MPH)
Top of the 9th over - 0 runs, 0 hits, 0 errors, 1 left on base; Florida 0 - Hialeah 7
Friday, March 26th, 2021 - OOTP Baseball 20.8 Build 74